 Dungeon Crawl Stone Soup version 0.20-a0-1126-g0f15420 (webtiles) character file.

271154 FastMan the Executioner (level 20, -6/131 HPs)
             Began as a Gargoyle Gladiator on May 17, 2017.
             Was the Champion of Okawaru.
             Mangled by a vault warden
             ... wielding a +2 long sword
              (36 damage)
             ... on level 1 of the Vaults.
             The game lasted 00:33:42 (25420 turns).

FastMan the Executioner (Gargoyle Gladiator)       Turns: 25420, Time: 00:33:42

Health: -6/131     AC: 46    Str: 25    XL:     20   Next: 22%
Magic:  25/27      EV: 14    Int:  9    God:    Okawaru [******]
Gold:   1889       SH:  0    Dex: 11    Spells: 19/19 levels left

rFire    + . .     SeeInvis +   a - +8 executioner's axe "Qyl Maorch" {flame, rN++ MR++ Dex-5}
rCold    + + .     Gourm    .   (shield currently unavailable)
rNeg     + + +     Faith    .   N - +3 plate armour {rC+}
rPois    ∞         Spirit   .   A - +2 helmet {SInv}
rElec    +         Reflect  .   K - scarf {rC+ rF+}
rCorr    .         Harm     .   (no gloves)
MR       +++..                  r - +2 pair of boots {run}
Stlth    ..........             g - amulet of regeneration
Regen    0.8/turn               G - +3 ring of dexterity
MPRegen  0.2/turn               p - +2 ring of protection

@: heroism, flying, quick
A: big wings, negative energy resistance 1, electricity resistance, unbreathing,
petrification resistance, rot immunity, AC +15
}: 2/15 runes: decaying, gossamer
a: Stop Flying, Heroism, Finesse, Renounce Religion


You were on level 1 of the Vaults.
You worshipped Okawaru.
Okawaru was exalted by your worship.
You were not hungry.

You visited 6 branches of the dungeon, and saw 30 of its levels.
You also visited: Bailey and Ice Cave.

You collected 2268 gold pieces.
You spent 379 gold pieces at shops.

Inventory:

Hand Weapons
 a - the +8 executioner's axe "Qyl Maorch" (weapon) {flame, rN++ MR++ Dex-5}
   (Okawaru gifted it to you in a bailey)

   It has been specially enchanted to burn those struck by it, causing extra
   injury to most foes and up to half again as much damage against particularly
   susceptible opponents.
   Big, fiery blades are also staple armaments of hydra-hunters.
   It affects your dexterity (-5).
   It greatly protects you from negative energy.
   It affects your resistance to hostile enchantments.
 b - a +5 executioner's axe of protection
Missiles
 d - 3 throwing nets (quivered)
Armour
 r - a +2 pair of boots of running (worn)
 A - a +2 helmet of see invisible (worn)
 K - a scarf of resistance (worn)
 N - a +3 plate armour of cold resistance (worn)
Jewellery
 g - an amulet of regeneration (around neck)
 p - a +2 ring of protection (right hand)
 G - a +3 ring of dexterity (left hand)
Scrolls
 n - 3 scrolls of blinking {@r4}
 o - 9 scrolls of recharging
 u - 6 scrolls of remove curse {@r2}
 v - 11 scrolls of teleportation {@r3}
 w - 5 scrolls of magic mapping
 y - a scroll of immolation
 C - a scroll of fear
 D - 2 scrolls of fog
 L - 3 scrolls of silence
 O - 2 scrolls of identify {@r1}
 P - a scroll of holy word
Potions
 c - a potion of resistance
 e - a potion of lignification
 h - a potion of berserk rage
 i - 4 potions of agility {@q5}
 j - 6 potions of magic
 m - 12 potions of curing {@q1}
 s - 7 potions of flight
 t - 4 potions of cancellation
 x - 2 potions of mutation
 B - 4 potions of haste {@q3}
 E - 8 potions of brilliance {@q6}
 J - 4 potions of heal wounds {@q2}
 M - 6 potions of ambrosia
 R - 3 potions of might {@q4}
Comestibles
 f - 27 bread rations {@e1}
 l - 21 royal jellies {@e3}
 z - 13 meat rations {@e2}
 F - 50 fruits {@e4}


   Skills:
 + Level 16.1(21.1) Fighting
 * Level 21.3(26.3) Axes
 - Level 1.7(6.7) Throwing
 + Level 14.1(19.1) Armour
 + Level 9.8(14.8) Dodging
 + Level 10.3 Invocations


You had 19 spell levels left.
You didn't know any spells.

Dungeon Overview and Level Annotations

Branches:
Dungeon (15/15)            Temple (1/1) D:6            Lair (5/6) D:8
  Swamp (4/4) Lair:4       Spider (4/4) Lair:3        Slime (0/5) Lair:5
    Orc (0/2) D:10         Vaults (1/5) D:13         Depths (0/5) D:15

Altars:
Ashenzari
Cheibriados
Dithmenos
Elyvilon
Fedhas
Gozag
Hepliaklqana
Kikubaaqudgha
Makhleb
Nemelex Xobeh
Okawaru
Qazlal
Ru
Sif Muna
Trog
Vehumet
Wu Jian
Xom
Yredelemnul
Zin
The Shining One

Shops:
D:8 *   D:12 %

Annotations:
D:5 Aethrus's ghost, novice TrMo


Innate Abilities, Weirdness & Mutations

You are resistant to torment.
Your stone body is resilient. (AC +15)
You are immune to poison.
Your large and strong wings let you fly indefinitely.
You resist negative energy. (rN+)
You are resistant to electric shocks. (rElec)
You can survive without breathing.
You are immune to petrification.
You are immune to rotting.


Message History

The rakshasa hits you but does no damage.
The cyclops throws a large rock.
The large rock misses you.
The large rock barely misses the ironheart preserver.
The large rock shimmers and vanishes!
The vault guard hits you but does no damage.
The cyclops throws a large rock.
The large rock hits you!
The large rock shimmers and vanishes!
Unknown command.
The vault warden blocks your attack.
The vault warden is almost dead.
You slice the rakshasa!! You burn the rakshasa!
The injured rakshasa weaves a defensive illusion!
You slash the ironbrand convoker! You burn the ironbrand convoker.
You slice the ironheart preserver like a ripe choko!!!
You burn the ironheart preserver!
The ironheart preserver hits you with a morningstar!
* * * LOW HITPOINT WARNING * * *
The ironbrand convoker hits you but does no damage.
The vault warden hits you with an enchanted long sword!!!
You die...

......# .......#.................
......# .......#.................
......# .......#....########.....
......# .......#....#......#.....
......##########....#......#.....
....................#......#.....
....##########R..pp.#......#.....
....# #.RR)C.#......#..... ....#
#.p@.C.#......#..... ....#
#)pp.C.#......#..... ....#
#.(....#......#..... ....#
#..(...#......#..... ....#
#(..(..#......#.....
....#####+####......+......#.....
....................########.....
...............(...(......)......
.................................


You could see an ironheart preserver, a vault warden, 2 vault guards, 3
rakshasas, 3 cyclopes and an ironbrand convoker.

Vanquished Creatures
  the Lernaean hydra (Swamp:4)
  Rupert (D:13)
  Frances (D:13)
  3 thorn hunters
  Agnes (Spider:4)
  Kirke (D:13)
  A tengu reaver (Vaults:1)
  4 vault wardens (Vaults:1)
  4 ghost moths (Spider:4)
  Aizul (Vaults:1)
  4 emperor scorpions
  Louise (Swamp:3)
  3 ironheart preservers (Vaults:1)
  The ghost of Volvagia the Carver, a journeyman MiBe of Trog (D:15)
  3 entropy weavers
  A dire elephant (D:15)
  Snorg (D:13)
  4 ogre magi
  Josephine (D:15)
  A great orb of eyes (Vaults:1)
  A rakshasa (Vaults:1)
  Fannar (D:10)
  5 ghost crabs
  An ice dragon (D:15)
  Erica (D:8)
  6 vault guards
  15 hydras
  4 centaur warriors
  13 alligators
  4 death yaks (Lair:5)
  13 two-headed ogres
  8 death scarabs (Spider:4)
  4 deep troll shamans (Vaults:1)
  A deep elf knight (D:13)
  5 skeletal warriors (D:14)
  5 deep trolls (Vaults:1)
  A spectral emperor scorpion (Spider:4)
  2 wizards (Vaults:1)
  2 unseen horrors (D:15)
  A spriggan druid (Swamp:4)
  4 shambling mangroves
  14 swamp dragons
  2 spectral wolf spiders (Spider:4)
  19 orb spiders
  The ghost of Croanthos the Skirmisher, a novice DgFi (D:8)
  3 orc knights
  A wolf spider zombie (Spider:4)
  5 ironbrand convokers (Vaults:1)
  19 ugly things
  25 wolf spiders
  2 orc sorcerers
  4 cyclopes
  3 manticores
  3 deep elf magi
  5 moths of wrath
  9 elephants
  4 black mambas
  2 centaur zombies
  Joseph (D:7)
  A spiny frog (shapeshifter) (Vaults:1)
  3 ice statues (IceCv)
  4 torpor snails
  2 vault sentinels (Vaults:1)
  6 gargoyles
  5 komodo dragons
  An efreet (D:13)
  3 spectral redbacks (Spider:4)
  A redback zombie (Spider:4)
  A kobold demonologist (Bailey)
  A rime drake (Lair:4)
  A freezing wraith (D:14)
  9 yaktaurs (Vaults:1)
  9 spiny frogs
  4 red devils (D:12)
  A harpy zombie (D:15)
  10 demonic crawlers
  24 jumping spiders
  A tyrant leech (Swamp:3)
  Prince Ribbit (D:7)
  2 trolls
  25 hornets
  3 spectral tarantellas (Spider:4)
  A polar bear (Lair:2)
  10 blink frogs
  4 spectral jumping spiders (Spider:4)
  7 dream sheep (Lair:4)
  24 slime creatures
  A tarantella zombie (Spider:4)
  7 hippogriffs
  7 bog bodies
  66 redbacks
  45 yaks
  2 shadows
  3 vampires
  8 spriggans
  43 tarantellas
  5 wraiths
  A wyvern (D:14)
  A hog (shapeshifter) (Vaults:1)
  A human (D:13)
  2 basilisks
  7 hogs (D:13)
  23 vampire mosquitoes
  3 hungry ghosts
  A naga (shapeshifter) (Vaults:1)
  2 acid dragons
  8 insubstantial wisps
  3 soldier ants
  23 swamp worms
  7 water moccasins
  5 porcupines
  A spectral hornet (Spider:4)
  21 orc warriors
  A sky beast (D:8)
  A black bear (D:13)
  2 hornet zombies (Spider:4)
  11 ice beasts
  14 swamp drakes
  An eye of draining (D:9)
  32 wolves
  8 ogres
  6 necrophages (Swamp:2)
  4 boggarts (D:14)
  4 crocodiles
  7 centaurs
  2 big kobolds (D:12)
  21 bullfrogs
  A wyvern zombie (D:9)
  A gnoll sergeant (D:9)
  A wyvern skeleton (D:7)
  5 killer bees (D:12)
  3 wights (D:8)
  7 electric eels
  9 howler monkeys
  5 crimson imps
  2 quasits
  A bullfrog zombie (D:11)
  10 hounds
  11 jellies (Lair:5)
  7 orc priests
  3 bullfrog skeletons
  9 centaur skeletons
  22 orc wizards
  4 worker ants
  14 gnolls
  9 adders
  3 shadow imps
  12 white imps (Lair:2)
  4 oozes
  An adder zombie (D:6)
  3 worms
  A dart slug (D:1)
  3 leopard geckos
  91 orcs
  2 ball pythons
  6 giant cockroaches
  8 goblins
  16 hobgoblins
  6 jackals
  5 quokkas
  7 bats
  4 frilled lizards
  10 kobolds
  2 leopard gecko skeletons (D:6)
  A quokka zombie (D:9)
  9 rats
  3 briar patches (Swamp:3)
  5 fungi
  5 plants
  A toadstool (Swamp:3)
1163 creatures vanquished.

Vanquished Creatures (others)
  An alligator (Swamp:1)
  A spiny frog (Swamp:1)
  A demonic crawler (Spider:1)
  A tyrant leech (Swamp:3)
  A hornet (Swamp:2)
  A spriggan (Swamp:2)
  An orc warrior (Bailey)
  A wolf (Lair:5)
  An ooze (Lair:5)
  3 briar patches (Swamp:3)
  5 toadstools (Swamp:3)
17 creatures vanquished.

Grand Total: 1180 creatures vanquished

Notes
Turn   | Place    | Note
-------+----------+-------------------------------------------
     0 | D:1      | FastMan the Gargoyle Gladiator began the quest for the Orb.
     0 | D:1      | Reached XP level 1. HP: 12/12 MP: 1/1
    60 | D:1      | Reached skill level 3 in Axes
    60 | D:1      | Reached XP level 2. HP: 11/18 MP: 2/2
   318 | D:1      | Reached XP level 3. HP: 22/22 MP: 3/3
   501 | D:2      | Found a stormy altar of Qazlal.
   501 | D:2      | Found a glowing golden altar of the Shining One.
   536 | D:2      | Reached skill level 4 in Axes
   536 | D:2      | Reached XP level 4. HP: 26/27 MP: 4/4
  1387 | D:3      | Reached XP level 5. HP: 31/32 MP: 5/5
  1798 | D:4      | Got a dazzling mace
  1810 | D:4      | Identified the +9 mace "Arbiter" {speed, -Tele MP+9 SInv} (You found it on level 4 of the Dungeon)
  2139 | D:4      | Reached skill level 5 in Axes
  2206 | D:4      | Found a shimmering altar of Xom.
  2212 | D:4      | Found a radiant altar of Vehumet.
  2418 | D:4      | Reached XP level 6. HP: 38/38 MP: 6/6
  2455 | D:5      | Entered Level 5 of the Dungeon
  2727 | D:5      | Noticed Aethrus's ghost (novice TrMo)
  2968 | D:6      | Reached skill level 6 in Axes
  2989 | D:6      | Found a hazy altar of Hepliaklqana.
  3006 | D:6      | Reached XP level 7. HP: 42/44 MP: 7/7
  3068 | D:6      | Reached skill level 5 in Fighting
  3148 | D:6      | Found a sacrificial altar of Ru.
  3272 | D:6      | Found a burning altar of Makhleb.
  3277 | D:6      | Found a white marble altar of Elyvilon.
  3284 | D:6      | Found an ancient bone altar of Kikubaaqudgha.
  3314 | D:6      | Found a staircase to the Ecumenical Temple.
  3324 | Temple   | Entered the Ecumenical Temple
  3453 | Temple   | Became a worshipper of Warmaster Okawaru
  3700 | D:7      | Found a bloodstained altar of Trog.
  3701 | D:7      | Noticed Prince Ribbit
  3800 | D:7      | Killed Prince Ribbit
  3800 | D:7      | Reached * piety under Okawaru
  3800 | D:7      | Reached skill level 7 in Axes
  3800 | D:7      | Reached XP level 8. HP: 32/51 MP: 8/8
  3923 | D:7      | Reached skill level 1 in Invocations
  3933 | D:7      | Noticed Joseph
  3963 | D:7      | Reached skill level 1 in Armour
  3971 | D:7      | Killed Joseph
  3971 | D:7      | Reached ** piety under Okawaru
  3971 | D:7      | Reached skill level 8 in Axes
  4260 | D:7      | Reached XP level 9. HP: 56/56 MP: 11/11
  4800 | D:8      | Reached skill level 9 in Axes
  4829 | D:8      | Reached *** piety under Okawaru
  4877 | D:8      | Noticed Croanthos's ghost (novice DgFi)
  4930 | D:8      | Killed Croanthos's ghost
  5041 | D:8      | Reached skill level 10 in Axes
  5041 | D:8      | Reached XP level 10. HP: 37/64 MP: 13/13
  5052 | D:8      | Noticed a two-headed ogre
  5063 | D:8      | Killed a two-headed ogre
  5139 | D:8      | Noticed Erica
  5141 | D:8      | Found Cetel's Assorted Antiques.
  5148 | D:8      | Killed Erica
  5148 | D:8      | Reached **** piety under Okawaru
  5159 | D:8      | Bought a sapphire potion for 18 gold pieces
  5159 | D:8      | Bought a scroll of teleportation for 63 gold pieces
  5159 | D:8      | Bought a scroll of identify for 42 gold pieces
  5159 | D:8      | Bought a glowing cloak for 157 gold pieces
  5159 | D:8      | Bought an emerald potion for 18 gold pieces
  5159 | D:8      | Bought a yellow potion for 18 gold pieces
  5159 | D:8      | Bought a scroll of teleportation for 63 gold pieces
  5305 | D:8      | Found a staircase to the Lair.
  5311 | D:8      | Reached skill level 11 in Axes
  5357 | D:8      | Reached ***** piety under Okawaru
  5870 | D:9      | Found an iron altar of Okawaru.
  6245 | D:9      | Found a flagged portal.
  6264 | D:9      | Reached XP level 11. HP: 64/72 MP: 2/14
  6268 | Bailey   | Entered a bailey
  6295 | Bailey   | Noticed an orc knight
  6312 | Bailey   | Killed an orc knight
  6312 | Bailey   | Received a gift from Okawaru
  6312 | Bailey   | Reached skill level 10 in Fighting
  6312 | Bailey   | Reached skill level 12 in Axes
  6325 | Bailey   | Got a transparent executioner's axe {god gift}
  6326 | Bailey   | Identified the +8 executioner's axe "Qyl Maorch" {flame, rN++ MR++ Dex-5} (Okawaru gifted it to you in a bailey)
  6343 | Bailey   | Found an iron altar of Okawaru.
  6343 | Bailey   | Noticed an orc sorcerer
  6347 | Bailey   | Noticed a sun demon
  6364 | Bailey   | Killed an orc sorcerer
  7109 | D:9      | Noticed a two-headed ogre
  7119 | D:9      | Killed a two-headed ogre
  7152 | D:9      | Found an opulent altar of Gozag.
  7153 | D:9      | Found a sparkling altar of Nemelex Xobeh.
  7199 | D:10     | Entered Level 10 of the Dungeon
  7199 | D:10     | Noticed Fannar
  7227 | D:10     | Killed Fannar
  7227 | D:10     | Received a gift from Okawaru
  7514 | D:10     | Reached skill level 5 in Armour
  7551 | D:10     | Found a staircase to the Orcish Mines.
  7719 | D:10     | Reached skill level 13 in Axes
  8066 | Lair:1   | Entered Level 1 of the Lair of Beasts
  8399 | Lair:1   | Reached XP level 12. HP: 76/80 MP: 15/15
  9055 | Lair:2   | Noticed an eight-headed hydra
  9066 | Lair:2   | Killed an eight-headed hydra
  9096 | Lair:2   | Found a frozen archway.
  9155 | IceCv    | Entered an ice cave
  9279 | IceCv    | Identified a +1 pair of boots of running (You acquired it in an ice cave)
  9532 | Lair:2   | Reached skill level 14 in Axes
  9591 | Lair:2   | Received a gift from Okawaru
  9601 | Lair:2   | Got a scorched war axe {god gift}
  9602 | Lair:2   | Identified the +6 war axe "Naofesaa" {elec, rPois} (Okawaru gifted it to you on level 2 of the Lair of Beasts)
 10250 | Lair:3   | Found a hole to the Spider Nest.
 10575 | Lair:3   | Reached XP level 13. HP: 80/86 MP: 16/16
 10584 | Lair:3   | Received a gift from Okawaru
 10587 | Lair:3   | Got a fine scarf {god gift}
 10598 | Lair:3   | Identified the scarf "Damnable Contraption" {rC- Str+3 Dex+3} (Okawaru gifted it to you on level 3 of the Lair of Beasts)
 10789 | Lair:3   | Reached ****** piety under Okawaru
 11237 | Lair:4   | Reached skill level 15 in Axes
 11397 | Lair:4   | Found a shimmering altar of Xom.
 11470 | Lair:4   | Found a staircase to the Swamp.
 11844 | Lair:5   | Received a gift from Okawaru
 11845 | Lair:5   | Got a dazzling scarf {god gift}
 11876 | Lair:5   | Identified the scarf of Fortitude {rElec rPois Str-2} (Okawaru gifted it to you on level 5 of the Lair of Beasts)
 11911 | Lair:5   | Found a staircase to the Slime Pits.
 12212 | Lair:5   | Gained mutation: Your large and strong wings let you fly indefinitely. [Gargoyle growth]
 12212 | Lair:5   | Reached XP level 14. HP: 88/94 MP: 17/17
 12529 | Lair:5   | Reached skill level 10 in Armour
 12769 | D:11     | Reached skill level 16 in Axes
 13580 | D:12     | Found Zuci Keo's Food Shop.
 13618 | D:12     | Found a radiant altar of Vehumet.
 13686 | D:12     | Received a gift from Okawaru
 14065 | D:13     | Found a shattered altar of Ashenzari.
 14144 | D:13     | Received a gift from Okawaru
 14287 | D:13     | Paralysed by an orc sorcerer for 2 turns
 14328 | D:13     | Noticed Snorg
 14356 | D:13     | Killed Snorg
 14566 | D:13     | Found a gate to the Vaults.
 14617 | D:13     | Noticed Frances
 14633 | D:13     | Killed Frances
 15203 | D:13     | Noticed Kirke
 15228 | D:13     | Killed Kirke
 15228 | D:13     | Reached XP level 15. HP: 100/100 MP: 6/18
 15282 | D:13     | Reached skill level 17 in Axes
 15677 | D:13     | Noticed Rupert
 15691 | D:13     | Killed Rupert
 15691 | D:13     | Received a gift from Okawaru
 15695 | D:13     | Got a polished battleaxe {god gift}
 15696 | D:13     | Identified the +9 battleaxe "Jer Zic" {freeze, rPois rF+ Int+6 SInv} (Okawaru gifted it to you on level 13 of the Dungeon)
 16160 | D:14     | Reached skill level 5 in Dodging
 16278 | D:14     | Found a shadowy altar of Dithmenos.
 16391 | D:15     | Entered Level 15 of the Dungeon
 16477 | D:15     | Received a gift from Okawaru
 16958 | D:15     | Received a gift from Okawaru
 16972 | D:15     | Got a shimmering scale mail {god gift}
 16983 | D:15     | Identified the +6 scale mail "Ulaklamn" {rN++ rCorr Str+5 Dex-3} (Okawaru gifted it to you on level 15 of the Dungeon)
 17019 | D:15     | Found a staircase to the Depths.
 17054 | D:15     | Noticed Josephine
 17057 | D:15     | Noticed Volvagia's ghost (journeyman MiBe)
 17063 | D:15     | Killed Josephine
 17063 | D:15     | Reached XP level 16. HP: 82/107 MP: 19/19
 17075 | D:15     | Killed Volvagia's ghost
 17075 | D:15     | Reached skill level 15 in Fighting
 17527 | Swamp:1  | Entered Level 1 of the Swamp
 17631 | Swamp:1  | Reached skill level 18 in Axes
 18526 | Swamp:2  | Received a gift from Okawaru
 19173 | Swamp:3  | Noticed a thorn hunter
 19182 | Swamp:3  | Killed a thorn hunter
 19190 | Swamp:3  | Reached skill level 19 in Axes
 19336 | Swamp:3  | Noticed a thorn hunter
 19372 | Swamp:3  | Killed a thorn hunter
 19692 | Swamp:3  | Noticed Louise
 19702 | Swamp:3  | Killed Louise
 20171 | Swamp:3  | Reached skill level 5 in Invocations
 20259 | Swamp:4  | Entered Level 4 of the Swamp
 20350 | Swamp:4  | Reached XP level 17. HP: 111/113 MP: 20/20
 20511 | Swamp:4  | Received a gift from Okawaru
 20518 | Swamp:4  | Got a polished battleaxe {god gift}
 20519 | Swamp:4  | Identified the +1 battleaxe "Edghuof" {freeze, rElec} (Okawaru gifted it to you on level 4 of the Swamp)
 20563 | Swamp:4  | Noticed the 27-headed Lernaean hydra
 20575 | Swamp:4  | Killed the 22-headed Lernaean hydra
 20604 | Swamp:4  | Received a gift from Okawaru
 20627 | Swamp:4  | Got a shimmering scarf {god gift}
 20632 | Swamp:4  | Reached skill level 20 in Axes
 20632 | Swamp:4  | Reached XP level 18. HP: 94/119 MP: 12/23
 20672 | Swamp:4  | Got a decaying rune of Zot
 20921 | Spider:1 | Entered Level 1 of the Spider Nest
 21441 | Spider:1 | Identified the scarf of Dim Light {rF+ rN+} (Okawaru gifted it to you on level 4 of the Swamp)
 22407 | Spider:3 | Reached XP level 19. HP: 124/124 MP: 25/25
 22510 | Spider:3 | Received a gift from Okawaru
 23005 | Spider:4 | Entered Level 4 of the Spider Nest
 23766 | Spider:4 | Got a gossamer rune of Zot
 23860 | Spider:4 | Received a gift from Okawaru
 23880 | Spider:4 | Noticed Agnes
 23900 | Spider:4 | Killed Agnes
 24170 | Vaults:1 | Entered Level 1 of the Vaults
 24212 | Vaults:1 | Reached skill level 21 in Axes
 24215 | Vaults:1 | Received a gift from Okawaru
 24637 | Vaults:1 | Reached skill level 10 in Invocations
 24651 | Vaults:1 | Reached XP level 20. HP: 89/131 MP: 25/27
 24859 | Vaults:1 | Noticed Aizul
 24874 | Vaults:1 | Killed Aizul
 24874 | Vaults:1 | Received a gift from Okawaru
 25420 | Vaults:1 | Mangled by a vault warden

Vault maps used:
D:1:      erik_arrival_triangle_large
D:2:      gammafunk_temple_overflow_elements
D:4:      minitemple
D:5:      eat_drink_and_be_merry_uskayaw, first_bread
D:6:      minmay_overflow_temple_star_quad, hangedman_ru_absence,
          lemuel_round_altar, minmay_temple_entry_poolview, serial_bayou,
          serial_bayou_pond_a, serial_bayou_pond_d, serial_bayou_pond_e,
          serial_bayou_lagoon_b
D:7:      nicolae_overflow_hidden_temple, grunt_ogre_cave, uniq_joseph,
          uniq_prince_ribbit1
D:8:      lair_entry_dummy, serial_shops, shop, uniq_erica
D:9:      grunt_temple_overflow_opulence, enter_bailey_2,
          okawaru_ov_weapons_minmay
D:10:     hiddenorc2_lemuel, minmay_misc_feat_x, uniq_fannar
D:11:     nicolae_lava_and_water, minmay_the_grid_triangle_9x9_recursive_2
D:12:     serial_shops, shop, basic_altar, einodemon_armed_red_devil_minivault
D:13:     grunt_vaults_entry_fortified, ashenzari_altar_1, uniq_snorg,
          uniq_frances, uniq_kirke, uniq_rupert
D:14:     serial_bayou_pond_a, nicolae_dithmenos_shadow_blocks
D:15:     hangedman_depths_entry_try_elsewhere_first, bh_walls_and_bars,
          uniq_josephine
Temple:   chequers_temple_sunken
Lair:2:   lab_entry_generic, portal_ice_cave_entry_imps
Lair:3:   spider_nest_entry_a, grunt_megastairs_3
Lair:4:   minmay_swamp_entry_worms, basic_altar, serial_bayou_lake_a
Lair:5:   minmay_slime_entry_jelly_boxes, grunt_forest_large_clearings,
          lemuel_fruit_tree
Swamp:1:  hangedman_swamp_blocks, infiniplex_staircase_pool
Swamp:2:  serial_swamp_ruin, evilmike_swamp_ruin_house_5,
          evilmike_swamp_ruin_house_3, roderic_carrion_pond
Swamp:3:  cheibrodos_swamp_tower_of_moss, evilmike_swamp_ruin_house_2,
          uniq_louise
Swamp:4:  swamp_old_school
Spider:3: hangedman_spider_tarantella_strand
Spider:4: floodkiller_spider_rune_tomb, uniq_agnes, uniq_jorgrun
Vaults:1: v_misc_8, nicolae_vaults_minivaults, nicolae_vaults_little_squares_5,
          v_misc_29, uniq_aizul
Bailey:   bailey_axe_of_yendor_kennysheep, bailey
IceCv:    ice_cave_statue_garden_chambered

Skill      XL: |  1  2  3  4  5  6  7  8  9 10 11 12 13 14 15 16 17 18 19 |
---------------+----------------------------------------------------------+-----
Axes           | 3 4 5 6 7 8 10 11 13 14 15 16 17 19 20 21 | 21.3
Fighting       | 3 4 5 6 8 9 11 12 13 14 15 16 | 16.1
Invocations    | 2 4 5 7 8 10 | 10.3
Armour         | 2 4 5 7 9 11 12 13 14 | 14.1
Dodging        | 4 5 6 7 8 9 |  9.8
Throwing       | |  1.7

Action                   |  1- 3 |  4- 6 |  7- 9 | 10-12 | 13-15 | 16-18 | 19-21 || total
-------------------------+-------+-------+-------+-------+-------+-------+-------++-------
Melee: War axe           |    71 |   102 |       |    78 |   484 |       |       ||   735
       Mace              |       |    54 |   217 |   552 |       |       |       ||   823
       Punch             |       |       |     2 |       |       |       |       ||     2
       Battleaxe         |       |       |       |   129 |   304 |   594 |   142 ||  1169
       Executioner's axe |       |       |       |       |    64 |   156 |   410 ||   630
Throw: Throwing net      |       |     2 |     2 |     2 |       |       |       ||     6
Invok: Heroism           |       |       |     3 |     8 |    15 |    14 |     9 ||    49
       Finesse           |       |       |       |     1 |     3 |     5 |     3 ||    12
 Abil: Fly               |       |       |       |       |     1 |       |       ||     1
  Use: Scroll            |       |     6 |     3 |    15 |    11 |     9 |     2 ||    46
       Potion            |       |       |       |     1 |     1 |     2 |     1 ||     5
 Stab: Held in net/web   |       |       |       |     1 |       |     1 |       ||     2
  Eat: Chunk             |       |     7 |     6 |    18 |    16 |     6 |     6 ||    59
       Meat ration       |       |       |       |       |     2 |     2 |       ||     4
       Bread ration      |       |       |       |       |       |       |     1 ||     1
Armor: Leather armour    |    28 |       |       |       |       |       |       ||    28
       Plate armour      |    40 |   132 |   122 |   457 |   675 |   884 |   531 ||  2841
Dodge: Dodged            |    49 |    58 |    78 |   262 |   345 |   519 |   383 ||  1694
